 Dungeon Crawl Stone Soup version 0.31-a0-187-gba352fbbf7 (webtiles) character file.

Game seed: 10588200264265181210

10273 frimble the Slicer (level 11, -22/75 HPs)
             Began as an Octopode Warper on June 22, 2023.
             Was a High Priest of Cheibriados.
             Collided with a rock wall (23 damage)
             ... caused by a rakshasa (illusionary)
             ... on level 4 of the Abyss.
             The game lasted 00:17:44 (9476 turns).

frimble the Slicer (Octopode Warper)                Turns: 9476, Time: 00:17:45

Health: -22/75     AC:  2    Str: 25    XL:     11   Next: 59%
Magic:  19/20      EV: 17    Int: 31    God:    Cheibriados [*****.]
Gold:   456        SH:  0    Dex: 24    Spells: 18/22 levels left

rFire   + . .        m - +4 short sword of Plunder {flame, Int+2}
rCold   . . .        (no shield)
rNeg    . . .        e - +1 hat
rPois   .            l - amulet of the acrobat
rElec   .            u - ring of protection from fire
rCorr   .            (no ring)
SInv    .            (no ring)
Will    .....        (no ring)
Stlth   +++++        (no ring)
HPRegen 0.00/turn    (no ring)
MPRegen 0.17/turn    (no ring)
                     (no ring)

%: acrobat
@: on berserk cooldown, sick, slowed, very slow
A: almost no armour, amphibious, 8 rings, camouflage 1, gelatinous body 1,
(nimble swimmer 1), tentacles
a: Renounce Religion, Bend Time, Temporal Distortion, Slouch, Step From Time


You were on level 4 of the Abyss.
You worshipped Cheibriados.
Cheibriados was extremely pleased with you.
You visited 1 branch of the dungeon, and saw 10 of its levels.
You visited the Abyss 1 time.
You also visited: Bailey.

You collected 456 gold pieces.

Inventory:

Hand Weapons
 m - the +4 short sword of Plunder (weapon) {flame, Int+2}
   (You found it on level 2 of the Dungeon)

   Int:       It affects your intelligence (+2).
Missiles
 c - 7 boomerangs of dispersal
 f - 31 poisoned darts (quivered)
 n - 3 boomerangs
 p - a throwing net
Armour
 e - a +1 hat (worn)
Jewellery
 l - an amulet of the acrobat (around mantle)
 u - a ring of protection from fire (left tentacle)
Wands
 j - a wand of polymorph (5)
Scrolls
 b - 4 scrolls of blinking
 i - a scroll of teleportation
 k - 2 scrolls of fog
 s - 4 scrolls of fear
 y - 3 scrolls of revelation
 z - a scroll of butterflies
 C - a scroll of poison {unknown}
 D - a scroll of vulnerability {unknown}
Potions
 a - 2 potions of invisibility
 d - 3 potions of brilliance
 g - a potion of curing
 h - 2 potions of haste {unknown}
 o - 2 potions of ambrosia {unknown}
 q - a potion of enlightenment {unknown}
 r - 2 potions of magic
 t - a potion of mutation
 w - a potion of degeneration {unknown}
 x - 2 potions of attraction
 A - a potion of lignification {unknown}
Miscellaneous
 B - a tin of tremorstones (inert)


   Skills:
 + Level 7.5 Fighting
 + Level 9.8 Short Blades
 - Level 1.0 Throwing
 + Level 5.6 Dodging
 - Level 5.4 Stealth
 - Level 0.8 Unarmed Combat
 - Level 6.0 Spellcasting
 - Level 7.0 Translocations
 - Level 2.0 Transmutations
 - Level 2.0 Earth Magic
 + Level 3.6 Invocations
 + Level 6.5 Evocations


You had 18 spell levels left.
You knew the following spells:

 Your Spells              Type           Power      Damage    Failure   Level
a - Blink                 Tloc           100%       N/A       1%          2
b - Passwall              Tmut/Erth      17%        N/A       3%          2

Your spell library contained the following spells:

 Spells                   Type           Power      Damage    Failure   Level
 Lesser Beckoning         Tloc           100%       N/A       1%          2
 Teleport Other           Tloc           51%        N/A       1%          3
 Manifold Assault         Tloc           51%        N/A       2%          4
 Passage of Golubria      Tloc           51%        N/A       2%          4
 Portal Projectile        Hex/Tloc       62%        N/A       3%          3
 Vhi's Electric Charge    Tloc/Air       62%        N/A       3%          3
 Volatile Blastmotes      Fire/Tloc      62%        2d15      3%          3
 Ensorcelled Hibernation  Hex/Ice        18%        N/A       8%          2
 Poisonous Vapours        Pois/Air       18%        N/A       8%          2
 Scorch                   Fire           18%        2d5       8%          2
 Iskenderun's Mystic Bla  Conj/Tloc      31%        2d8       12%         4
 Dazzling Flash           Conj/Hex       18%        N/A       14%         3
 Frozen Ramparts          Ice            18%        1d3       14%         3
 Mephitic Cloud           Conj/Pois/Air  9%         N/A       14%         3
 Swiftness                Air            9%         N/A       14%         3
 Tukima's Dance           Hex            9%         N/A       14%         3
 Ice Form                 Ice/Tmut       15%        N/A       32%         4
 Flame Wave               Conj/Fire      9%         2d6       43%         4
 Summon Ice Beast         Ice/Summ       9%         N/A       43%         4
 Blade Hands              Tmut           10%        N/A       52%         5
 Freezing Cloud           Conj/Ice/Air   4%         6-21      80%         5
 Silence                  Hex/Air        4%         N/A       80%         5
 Starburst                Conj/Fire      4%         6d4       100%        6
 Summon Cactus Giant      Summ           4%         N/A       100%        6
 Lehudib's Crystal Spear  Conj/Erth      7%         10d3      100%        8


Dungeon Overview and Level Annotations

Branches:
Dungeon (10/15)            Temple (0/1) D:4             Orc (0/2) D:9
 Bailey (visited)
   Lair: D:8-11

Altars:
Cheibriados
Elyvilon
Fedhas
Gozag
Hepliaklqana
Kikubaaqudgha
Okawaru
Qazlal
Uskayaw
Wu Jian

Shops:
D:2 ?   D:5 *

Annotations:
D:7 3 runed translucent doors, Zonian's ghost, novice VSGl


Innate Abilities, Weirdness & Mutations

You cannot wear most types of armour.
You are amphibious.
You can wear up to eight rings at the same time.
Your skin changes colour to match your surroundings (Stealth+).
Your rubbery body absorbs attacks. (AC +1, EV +1)
((You are camouflaged when in or above water. (Stealth+)))
You have tentacles for arms and can constrict up to eight enemies at once.


Message History

You destroy the small abomination!
Cheibriados thoroughly appreciates the change of pace.
The ancient zyme completely misses you. The ancient zyme closely misses you.
You hit the ancient zyme but do no damage.
You grab the ancient zyme. You squeeze the ancient zyme!!
The ancient zyme is heavily damaged.
You constrict the ancient zyme.
The ancient zyme hits you but does no damage.
The ancient zyme misses you.
You hit the ancient zyme. You burn the ancient zyme.
You tentacle-slap the ancient zyme. You squeeze the ancient zyme!
The ancient zyme is almost destroyed.
You are no longer berserk.
You are exhausted.
You feel yourself slow down.
You constrict the ancient zyme.
The rakshasa weaves an illusion.
You lose your grip on the ancient zyme.
The ancient zyme shimmers and seems to become two!
You hit the ancient zyme. You burn the ancient zyme.
You destroy the ancient zyme!
The ancient zyme shimmers and vanishes!
You feel ill.
You hit the ancient zyme. You burn the ancient zyme.
You destroy the ancient zyme!
Cheibriados thoroughly appreciates the change of pace.
The tremorstone explodes into fragments!
The burst of rock shards engulfs the rakshasa.
The burst of rock shards engulfs the rakshasa!
The burst of rock shards engulfs the rakshasa!!
The burst of rock shards engulfs you!!
* * * LOW HITPOINT WARNING * * *
The tin is emptied!
The injured rakshasa weaves a defensive illusion!
You hear a roar!
You hear a bellow!
You hear a roar!
You hear a bark! x2
You hear a shout!
You hear a roar! x2; You hear a bark!
The rakshasa gestures at you. The lance of force hits you!
* * * LOW HITPOINT WARNING * * *
You are knocked back by the lance of force.
You slam into the rock wall!
You die...

.. ...# #.#
.......#
..# .. .
..### .
.... ..RR #
### #.# #
#.## #R# .
. #. . #.#
# # # . .
#.## .. . #
#@.####
.##### ..
##......#..
. #
###########
# #


You could see 3 rakshasas.

Vanquished Creatures
  2 vault guards (Bailey)
  2 thrashing horrors (Abyss:4)
  An ancient zyme (Abyss:4)
  Prince Ribbit (Bailey)
  A shadow (D:9)
  12 yaks
  2 humans (Bailey)
  4 starcursed masses (Abyss:4)
  A steam dragon (D:7)
  An acid dragon (D:9)
  2 black bears (D:4)
  2 ice beasts
  A hornet zombie (D:7)
  An orc warrior (D:9)
  A small abomination (Abyss:4)
  3 centaurs
  An ogre (D:7)
  3 kobold brigands
  2 phantoms
  14 bullfrogs
  13 wights
  9 killer bees
  2 troll zombies (D:9)
  A bullfrog zombie (D:7)
  3 centaur zombies (D:7)
  4 hounds
  2 jellies
  4 orc priests
  2 sleepcaps
  6 iguanas
  7 orc wizards
  A killer bee zombie (D:7)
  6 ogre zombies (D:9)
  A howler monkey zombie (D:7)
  5 adders
  9 gnolls
  2 white imps
  4 ufetubi
  2 dart slugs
  A worm (D:5)
  19 orcs
  9 bats
  5 endoplasms
  A giant cockroach (D:4)
  10 goblins
  4 hobgoblins
  2 jackals (D:1)
  3 quokkas
  7 ball pythons
  4 frilled lizards
  3 goblin zombies (D:9)
  A hobgoblin skeleton (D:9)
  3 hobgoblin zombies (D:9)
  12 kobolds
  4 orc skeletons (D:9)
  14 orc zombies (D:9)
  2 rats
244 creatures vanquished.

Notes
Turn   | Place    | Note
-------+----------+-------------------------------------------
     0 | D:1      | frimble the Octopode Warper began the quest for the Orb.
     0 | D:1      | Reached XP level 1. HP: 14/14 MP: 3/3
   116 | D:1      | Reached XP level 2. HP: 13/19 MP: 5/5
   159 | D:1      | Learned a level 2 spell: Blink
   247 | D:1      | Reached skill level 3 in Short Blades
   425 | D:1      | Reached XP level 3. HP: 17/24 MP: 6/6
   653 | D:1      | Found a faded altar of an unknown god.
   857 | D:2      | Found an ancient bone altar of Kikubaaqudgha.
  1139 | D:2      | Identified the +4 short sword of Plunder {flame, Int+2}
  1177 | D:2      | Found Puquwuij's Magic Scroll Boutique.
  1270 | D:2      | Reached XP level 4. HP: 19/29 MP: 7/7
  1677 | D:3      | Reached skill level 4 in Short Blades
  1752 | D:3      | Reached XP level 5. HP: 34/34 MP: 8/8
  1881 | D:3      | Found an opulent altar of Gozag.
  1881 | D:3      | Found a snail-covered altar of Cheibriados.
  1883 | D:3      | Found an ornate altar of the Wu Jian Council.
  1884 | D:3      | Found a white marble altar of Elyvilon.
  2059 | D:3      | Became a worshipper of Cheibriados the Contemplative
  2206 | D:4      | Noticed a black bear
  2216 | D:4      | Killed a black bear
  2217 | D:4      | Reached skill level 1 in Evocations
  2221 | D:4      | Reached XP level 6. HP: 18/39 MP: 9/9
  2569 | D:4      | Noticed a black bear
  2571 | D:4      | Found a hide-covered altar of Uskayaw.
  2577 | D:4      | Killed a black bear
  2578 | D:4      | Reached skill level 5 in Short Blades
  2743 | D:4      | Found a blossoming altar of Fedhas.
  2743 | D:4      | Found an iron altar of Okawaru.
  2773 | D:4      | Found a staircase to the Ecumenical Temple.
  2858 | D:4      | Reached XP level 7. HP: 45/45 MP: 10/10
  3116 | D:4      | Reached skill level 1 in Stealth
  3347 | D:5      | Entered Level 5 of the Dungeon
  3347 | D:5      | Found Baunuh's General Store.
  3356 | D:5      | Reached * piety under Cheibriados
  3726 | D:5      | Found a stormy altar of Qazlal.
  4437 | D:6      | Reached skill level 6 in Short Blades
  4437 | D:6      | Reached XP level 8. HP: 42/50 MP: 11/11
  4566 | D:6      | Reached ** piety under Cheibriados
  4766 | D:6      | Reached skill level 5 in Stealth
  4968 | D:7      | Reached skill level 5 in Evocations
  4975 | D:7      | Learned a level 2 spell: Passwall
  5054 | D:7      | Reached skill level 1 in Transmutations
  5054 | D:7      | Reached skill level 1 in Earth Magic
  5216 | D:7      | Found a flagged portal.
  5229 | Bailey   | Entered a bailey
  5331 | Bailey   | Reached XP level 9. HP: 18/57 MP: 12/12
  5332 | Bailey   | Reached skill level 7 in Short Blades
  5517 | Bailey   | Noticed Prince Ribbit
  5527 | Bailey   | Killed Prince Ribbit
  5528 | Bailey   | Noticed a vault guard
  5587 | Bailey   | Killed a vault guard
  5831 | Bailey   | Noticed a vault guard
  5848 | Bailey   | Killed a vault guard
  5849 | Bailey   | Reached skill level 5 in Fighting
  5849 | Bailey   | Reached skill level 8 in Short Blades
  5849 | Bailey   | Reached skill level 5 in Translocations
  5849 | Bailey   | Reached XP level 10. HP: 56/66 MP: 16/16
  5913 | Bailey   | Reached *** piety under Cheibriados
  6227 | D:7      | Reached skill level 5 in Spellcasting
  6591 | D:7      | Noticed Zonian's ghost (novice VSGl)
  6621 | D:7      | Found a runed translucent gate.
  6621 | D:7      | Found a runed translucent gate.
  6621 | D:7      | Found a runed translucent gate.
  6659 | D:7      | Reached **** piety under Cheibriados
  7924 | D:9      | Reached skill level 9 in Short Blades
  8187 | D:9      | Reached ***** piety under Cheibriados
  8191 | D:9      | Reached skill level 1 in Invocations
  8416 | D:9      | Found a staircase to the Orcish Mines.
  8416 | D:9      | Noticed a wizard
  8444 | D:10     | Entered Level 10 of the Dungeon
  8446 | D:10     | Reached XP level 11. HP: 74/74 MP: 13/19
  8478 | D:10     | HP: 3/74 [yak (9)]
  8484 | D:10     | HP: 1/74 [yak (5)]
  8748 | D:9      | Found a hazy altar of Hepliaklqana.
  8882 | D:9      | Reached skill level 5 in Dodging
  9146 | Abyss:3  | Cast into level 3 of the Abyss (a wizard)
  9258 | Abyss:4  | Noticed a starcursed mass
  9266 | Abyss:4  | Killed a starcursed mass
  9274 | Abyss:4  | Killed a starcursed mass
  9446 | Abyss:4  | Noticed a thrashing horror
  9450 | Abyss:4  | Noticed a thrashing horror
  9452 | Abyss:4  | Noticed a thrashing horror
  9454 | Abyss:4  | Noticed a thrashing horror
  9463 | Abyss:4  | Killed a thrashing horror
  9463 | Abyss:4  | Noticed a rakshasa
  9468 | Abyss:4  | Killed a thrashing horror
  9476 | Abyss:4  | HP: 1/75 [rakshasa (illusionary)/lance of force (13)]
  9476 | Abyss:4  | Collided with a rock wall

Illustrated notes

Levels and vault maps discovered:
D:1:      ncdulo_watergridlock, layout_rooms, shapermc_ecumenical_altar_venn,
          st_stairs_6, chequers_serial_rivers_large_a, minmay_misc_feat_ornament
D:2:      layout_basic, serial_shops, shop, basic_altar, minivault_5
D:3:      layout_rooms, minitemple
D:4:      layout_basic, mainiacjoe_overflow_paths,
          gammafunk_temple_overflow_wave, minmay_temple_entry_ruins,
          serial_bayou, serial_bayou_lake_a, serial_bayou_shore_b,
          serial_bayou_ford_a, serial_bayou_pond_a
D:5:      layout_basic, lemuel_crystal_altar, serial_shops, shop
D:6:      layout_rooms
D:7:      layout_gridville, serial_undead, serial_undead_c, serial_undead_b,
          serial_undead_d, serial_undead_d, enter_bailey_2,
          gammafunk_ghost_split, hangedman_decor_slide_cut
D:8:      layout_loops_ring
D:9:      cheibrodos_wizards_tower, layout_loops_corners,
          nicolae_overflow_hidden_temple, zombieorc2_lemuel
D:10:     layout_long_grid, grunt_dithmenos_smoke, uniq_harold, uniq_joseph
Abyss:4:  base: D:1, hangedman_abyss_river_spirits,
          guppyfry_abyss_exit_glass_guarded, hangedman_decor_riveting

Skill      XL: |  1  2  3  4  5  6  7  8  9 10 11 |
---------------+----------------------------------+-----
Short Blades   | 3 4 5 6 8 9 |  9.8
Dodging        | 3 4 5 |  5.6
Evocations     | 1 3 4 5 6 |  6.5
Stealth        | 4 5 |  5.4
Transmutations | 2 |  2.0
Earth Magic    | 2 |  2.0
Fighting       | 3 5 6 7 |  7.5
Spellcasting   | 4 5 6 |  6.0
Translocations | 5 6 7 |  7.0
Invocations    | 1 3 |  3.6
Throwing       | |  1.0
Unarmed Combat | |  0.8

Action                     |  1- 3 |  4- 6 |  7- 9 | 10-12 || total
---------------------------+-------+-------+-------+-------++-------
  Melee: Short sword       |    84 |    60 |   174 |   288 ||   606
         Constrict         |    18 |    11 |    35 |    42 ||   106
         Tentacles         |    11 |    15 |    41 |    80 ||   147
         Punch             |     2 |     2 |     5 |    11 ||    20
  Throw: Dart              |     5 |     7 |    20 |    16 ||    48
         Throwing net      |       |     1 |     3 |       ||     4
         Boomerang         |       |       |     2 |    10 ||    12
   Cast: Blink             |       |     1 |     7 |     6 ||    14
         Passwall          |       |       |     6 |    11 ||    17
 Invoke: Slouch            |       |       |       |     2 ||     2
  Evoke: Wand              |       |       |    15 |     6 ||    21
         Tin of tremorston |       |       |       |     3 ||     3
    Use: Scroll            |       |     6 |     5 |     4 ||    15
         Potion            |       |       |       |     4 ||     4
   Stab: Sleeping          |     3 |     4 |     6 |    12 ||    25
         Paralysed         |       |       |     2 |     2 ||     4
         Held in net/web   |       |       |     3 |       ||     3
         Distracted        |       |       |     1 |     1 ||     2
 Armour: Skin              |    38 |     6 |     8 |    14 ||    66
  Dodge: Dodged            |    51 |    49 |   106 |   174 ||   380

Table legend: (Time is in decaauts)
 A = Elapsed time spent in this place.
 B = Non-inter-level travel time spent in this place.
 C = Inter-level travel time spent in this place.
 D = Time resting spent in this place.
 E = Time spent auto-exploring this place.
 F = Levels seen in this place.
 G = Mean time per level.
                   A        B        C        D        E       F      G
               +--------+--------+--------+--------+--------+-----+--------+
         Total |  11597 |  10809 |    788 |    223 |   8537 |  13 |  892.1 |
       Dungeon |  10240 |   9452 |    788 |    103 |   7753 |  10 | 1024.0 |
         Abyss |    453 |    453 |      0 |    120 |     79 |   2 |  226.5 |
        Bailey |    903 |    903 |      0 |      0 |    704 |   1 |  903.0 |
               +--------+--------+--------+--------+--------+-----+--------+

Top non-repeatable levels by time:
     D:4: 1587 daAuts
     D:7: 1514 daAuts
     D:9: 1391 daAuts
     D:5: 1208 daAuts
     D:8: 1082 daAuts
     D:6: 931 daAuts
  Bailey: 903 daAuts
     D:2: 836 daAuts
     D:1: 762 daAuts
     D:3: 550 daAuts
 Abyss:4: 397 daAuts
    D:10: 374 daAuts
 Abyss:3: 56 daAuts
